 Dungeon Crawl Stone Soup version 0.20-a0-345-gbfb25ec (webtiles) character file.

6569 snakesoul the Carver (level 10, -6/92 HPs)
             Began as a Minotaur Fighter on Dec 22, 2016.
             Was an Elder of Cheibriados.
             Splashed by Joseph's acid (15 damage)
             ... on level 9 of the Dungeon.
             The game lasted 00:12:50 (8650 turns).

snakesoul the Carver (Minotaur Fighter)             Turns: 8650, Time: 00:12:51

Health: -6/92      AC: 12    Str: 32    XL:     10   Next: 70%
Magic:  9/9        EV:  7    Int: 15    God:    Cheibriados [****..]
Gold:   424        SH: 14    Dex: 22    Spells: 9/9 levels left

rFire  . . .     SeeInvis .     a - +0 long sword
rCold  + . .     Gourm    .     D - +2 plate armour {rC+}
rNeg   . . .     Faith    .     c - +0 shield
rPois  .         Spirit   .     m - +0 hat
rElec  .         Reflect  .     (no cloak)
rCorr  .         Harm     .     (no gloves)
MR     .....                    (no boots)
Stlth  ..........               (no amulet)
                                (no ring)
                                (no ring)

@: corroded, very slow
A: retaliatory headbutt, horns 2
a: Bend Time, Temporal Distortion, Slouch, Renounce Religion


You were on level 9 of the Dungeon.
You worshipped Cheibriados.
Cheibriados was greatly pleased with you.
You were not hungry.

You visited 2 branches of the dungeon, and saw 10 of its levels.

You collected 424 gold pieces.

Inventory:

Hand Weapons
 a - a +0 long sword (weapon)
 x - a +2 dire flail of protection
Armour
 c - a +0 shield (worn)
 m - a +0 hat (worn)
 D - a +2 plate armour of cold resistance (worn)
Wands
 s - a wand of polymorph (11/24)
 u - a wand of flame (33/48)
 y - a wand of random effects (23/48)
 E - a wand of confusion (31/48)
 F - a wand of acid (10/15)
 K - a wand of flame (20/48)
Scrolls
 e - 7 scrolls of teleportation {unknown}
 h - 4 scrolls of blinking {unknown}
 i - 2 scrolls of enchant weapon {unknown}
 l - 6 scrolls of identify {unknown}
 n - a scroll of random uselessness {unknown}
 q - a scroll of immolation {unknown}
 t - a scroll of noise {unknown}
 w - 2 scrolls of remove curse {unknown}
 z - 2 scrolls of recharging {unknown}
 A - 3 scrolls of enchant armour {unknown}
Potions
 d - 2 potions of might
 g - 5 potions of cure mutation {unknown}
 o - 3 potions of heal wounds {unknown}
 v - 4 potions of curing {unknown}
 C - 2 potions of haste {unknown}
 H - a potion of brilliance {unknown}
Books
 b - a book of Geomancy

   Spells                             Type                      Level
   a - Sandblast                      Earth                        1
   b - Passwall                       Transmutation/Earth          2
   c - Stone Arrow                    Conjuration/Earth            3
   d - Petrify                        Transmutation/Earth          4
   e - Lee's Rapid Deconstruction     Earth                        5
 k - a book of Maledictions

   Spells                             Type                      Level
   a - Corona                         Hexes                        1
   b - Ensorcelled Hibernation        Hexes/Ice                    2
   c - Confuse                        Hexes                        3
   d - Tukima's Dance                 Hexes                        3
   e - Dazzling Spray                 Conjuration/Hexes            3
 B - a book of Battle

   Spells                             Type                      Level
   a - Infusion                       Charms                       1
   b - Shroud of Golubria             Charms/Translocation         2
   c - Song of Slaying                Charms                       2
   d - Spectral Weapon                Hexes/Charms                 3
   e - Regeneration                   Charms/Necromancy            3
 G - a book of Air

   Spells                             Type                      Level
   a - Shock                          Conjuration/Air              1
   b - Swiftness                      Charms/Air                   2
   c - Repel Missiles                 Charms/Air                   2
   d - Static Discharge               Conjuration/Air              3
   e - Lightning Bolt                 Conjuration/Air              5
Comestibles
 f - 3 bread rations
 j - 4 meat rations
 p - 11 royal jellies
 r - a beef jerky
 I - 2 fruits
 J - 7 chunks of flesh


   Skills:
 + Level 9.7 Fighting
 * Level 12.3 Long Blades
 + Level 9.4 Armour
 + Level 9.4 Shields


You had 9 spell levels left.
You didn't know any spells.

Dungeon Overview and Level Annotations

Branches:
Dungeon (9/15)             Temple (1/1) D:6            Lair (0/6) D:9
    Orc: D:9-12

Altars:
Ashenzari
Cheibriados
Gozag
Kikubaaqudgha
Makhleb
Qazlal
Ru
Trog
Uskayaw
Zin
The Shining One

Shops:
D:7 :

Annotations:
D:9 Joseph


Innate Abilities, Weirdness & Mutations

You reflexively headbutt those who attack you in melee.
You have a pair of horns on your head.


Message History

Joseph says, "I'm happy to see you. And I'll be happy to kill you."
Joseph zaps a wand.
The bolt of acid hits you!
You are splashed with acid!
The acid burns!
You block the water moccasin's attack.
Unknown command.
You barely miss the water moccasin. You headbutt the water moccasin!
You kill the water moccasin!
Cheibriados appreciates the change of pace.
You hit Joseph but do no damage.
Joseph hits you with an uncursed quarterstaff.
* * * LOW HITPOINT WARNING * * *
Unknown command.
You hit Joseph. Your headbutt misses Joseph.
Joseph is lightly wounded.
You block Joseph's attack.
You slash Joseph! You headbutt Joseph.
Joseph is moderately wounded.
Joseph zaps a wand.
The bolt of acid hits you!
* * * LOW HITPOINT WARNING * * *
The acid corrodes you!
You are splashed with acid!
The acid burns!
You die...

.....# .....#
####....### ..........
........##############
........##...........###
........##.......@...'.#
..)).$..##..).))@....#.
.##)######...#####...#
#...........# ..#
#...........# .#
#.........($# #
#...######### #...#
##...# .#...#


You could see Joseph.

Vanquished Creatures
  A two-headed ogre (D:9)
  A komodo dragon (D:9)
  A queen bee (D:8)
  A hornet (D:7)
  Eustachio (D:5)
  A wyvern (D:9)
  Edmund (D:5)
  2 water moccasins
  Duvessa (D:5)
  A sky beast (D:9)
  A black bear (D:7)
  7 orc warriors
  A hornet zombie (D:8)
  An ice beast (D:6)
  3 ogres
  3 phantoms
  A centaur (D:6)
  A crocodile (D:8)
  2 bullfrogs (D:6)
  3 scorpions
  Dowan (D:5)
  A wyvern skeleton (D:7)
  14 killer bees (D:8)
  5 howler monkeys
  4 crimson imps
  A bullfrog zombie (D:8)
  A centaur zombie (D:7)
  7 hounds
  A jelly (D:8)
  19 orc wizards
  5 orc priests
  3 iguanas
  7 worker ants
  A hound skeleton (D:6)
  A gnoll (D:8)
  18 adders
  An ooze (D:2)
  2 adder zombies
  A worm (D:2)
  2 dart slugs (D:4)
  5 leopard geckos
  30 orcs
  2 ball pythons
  9 giant cockroaches
  3 goblins
  9 hobgoblins
  4 jackals (D:1)
  13 kobolds
  A quokka (D:8)
  A ball python zombie (D:6)
  8 bats
  6 frilled lizards
  A leopard gecko skeleton (D:6)
  A leopard gecko zombie (D:6)
  A quokka skeleton (D:5)
  A quokka zombie (D:8)
  7 rats
231 creatures vanquished.

Vanquished Creatures (others)
  A plant (D:9)
1 creature vanquished.

Grand Total: 232 creatures vanquished

Notes
Turn   | Place    | Note
-------+----------+-------------------------------------------
     0 | D:1      | snakesoul the Minotaur Fighter began the quest for the Orb.
     0 | D:1      | Reached XP level 1. HP: 19/19 MP: 0/0
    42 | D:1      | Reached XP level 2. HP: 27/27 MP: 1/1
   597 | D:2      | Reached XP level 3. HP: 33/33 MP: 2/2
   950 | D:2      | Reached skill level 3 in Long Blades
  1276 | D:3      | Reached XP level 4. HP: 41/41 MP: 3/3
  1514 | D:3      | Reached skill level 4 in Long Blades
  1519 | D:3      | Reached XP level 5. HP: 35/47 MP: 4/4
  1845 | D:3      | Found a sacrificial altar of Ru.
  2008 | D:4      | Reached skill level 5 in Shields
  2009 | D:4      | Reached skill level 5 in Long Blades
  2009 | D:4      | Reached XP level 6. HP: 44/55 MP: 5/5
  2078 | D:4      | Reached skill level 5 in Fighting
  2142 | D:4      | Reached skill level 5 in Armour
  2494 | D:5      | Entered Level 5 of the Dungeon
  2606 | D:5      | Reached skill level 6 in Long Blades
  2606 | D:5      | Reached XP level 7. HP: 31/61 MP: 6/6
  2771 | D:5      | Noticed Edmund
  2789 | D:5      | Killed Edmund
  3168 | D:5      | Noticed Dowan
  3175 | D:5      | Noticed Duvessa
  3175 | D:5      | Killed Dowan
  3184 | D:5      | Killed Duvessa
  3208 | D:5      | Reached skill level 7 in Long Blades
  3388 | D:5      | Reached XP level 8. HP: 35/70 MP: 7/7
  3798 | D:5      | Noticed Eustachio
  3822 | D:5      | Killed Eustachio
  3981 | D:6      | Found a staircase to the Ecumenical Temple.
  3987 | D:6      | Reached skill level 8 in Long Blades
  4000 | Temple   | Entered the Ecumenical Temple
  4009 | Temple   | Became a worshipper of Cheibriados the Contemplative
  4606 | D:6      | Reached * piety under Cheibriados
  4660 | D:6      | Reached skill level 9 in Long Blades
  4854 | D:6      | Reached XP level 9. HP: 68/79 MP: 8/8
  5518 | D:7      | Found a bloodstained altar of Trog.
  5535 | D:7      | Reached ** piety under Cheibriados
  6229 | D:7      | Reached skill level 10 in Long Blades
  6230 | D:7      | Found Coiciyg's Book Shop.
  6583 | D:8      | Reached *** piety under Cheibriados
  7371 | D:8      | Reached skill level 11 in Long Blades
  7384 | D:8      | Reached XP level 10. HP: 39/90 MP: 9/9
  7743 | D:8      | Reached **** piety under Cheibriados
  8254 | D:9      | Found a staircase to the Lair.
  8525 | D:9      | Noticed a two-headed ogre
  8535 | D:9      | Killed a two-headed ogre
  8535 | D:9      | Reached skill level 12 in Long Blades
  8638 | D:9      | Noticed Joseph
  8650 | D:9      | Splashed by Joseph's acid

Vault maps used:
D:1:      onia_arrival_handbag
D:3:      nicolae_ru_path_of_blood
D:5:      first_bread, uniq_eustachio, uniq_duvessa, uniq_edmund
D:6:      cheibrodos_two_vegetables, minivault_19
D:7:      minmay_opposing_rooms, serial_shops, shop, trog_hazing_becter
D:8:      david_nohive_1
D:9:      kennysheep_blocky_hall, david_lair_shrubbed, uniq_joseph
Temple:   grunt_wide_crystal_templ

Skill      XL: |  1  2  3  4  5  6  7  8  9 10 |
---------------+-------------------------------+-----
Fighting       | 4 5 6 7 8 9 |  9.7
Shields        | 4 5 6 7 8 9 |  9.4
Armour         | 4 5 6 7 8 9 |  9.4
Long Blades    | 3 4 5 6 7 9 11 12 | 12.3

Action                   |  1- 3 |  4- 6 |  7- 9 | 10-12 || total
-------------------------+-------+-------+-------+-------++-------
Melee: Long sword        |   100 |   124 |   396 |   154 ||   774
       Headbutt          |    13 |    23 |    90 |    50 ||   176
  Eat: Chunk             |     1 |     5 |    11 |     2 ||    19
Armor: Scale mail        |    39 |    54 |    79 |       ||   172
       Plate armour      |       |       |    30 |    64 ||    94
Dodge: Dodged            |    34 |    31 |    94 |    16 ||   175
Block: Shield            |    55 |    76 |   193 |    88 ||   412
       Rpst.: Long sword |     6 |     3 |    20 |     2 ||    31
